 Dungeon Crawl Stone Soup version 0.25-a0-503-ge281fa673e (webtiles) character file.

Game seed: 1447330444761943979, levelgen mode: deterministic

71 Kohma the Chiller (level 4, -4/30 HPs)
             Began as a Merfolk Ice Elementalist on Feb 13, 2020.
             Slain by an orc priest
             ... wielding a +0 hand axe
              (5 damage)
             ... on level 3 of the Dungeon.
             The game lasted 00:04:21 (2308 turns).

Kohma the Chiller (Merfolk Ice Elementalist)        Turns: 2308, Time: 00:04:22

Health: -4/30      AC:  3    Str:  8    XL:     4   Next: 24%
Magic:  5/8        EV: 12    Int: 15    God:
Gold:   110        SH:  0    Dex: 14    Spells: 1/8 levels left

rFire    . . .     SeeInvis .   i - +0 short sword
rCold    . . .     Gourm    .   (no shield)
rNeg     . . .     Faith    .   k - +0 leather armour {rPois}
rPois    +         Spirit   .   (no helmet)
rElec    .         Reflect  .   (no cloak)
rCorr    .         Harm     .   (no gloves)
MR       .....                  (no boots)
Stlth    ++........             (no amulet)
HPRegen  0.10/turn              (no ring)
MPRegen  0.11/turn              (no ring)

@: frozen ramparts
A: change form in water, swift swim, stealthy swim
a: no special abilities


You were on level 3 of the Dungeon.
You were not hungry.

You visited 1 branch of the dungeon, and saw 3 of its levels.

You collected 110 gold pieces.

Inventory:

Hand Weapons
 i - a +0 short sword (weapon)
Missiles
 e - 30 stones
 j - 16 poisoned darts (quivered)
Armour
 k - a +0 leather armour of poison resistance (worn)
Jewellery
 f - a +1 ring of protection {unknown}
 h - a cursed amulet of inaccuracy {unknown}
Scrolls
 a - a scroll of magic mapping {unknown}
 g - 2 scrolls of identify {unknown}
 l - 2 scrolls of blinking {unknown}
 m - a scroll of enchant weapon {unknown}
Potions
 b - 2 potions of heal wounds {unknown}
 d - 2 potions of curing {unknown}
Comestibles
 c - 3 rations
 n - 7 chunks of flesh


   Skills:
 - Level 2.6 Dodging
 - Level 2.1 Stealth
 + Level 2.8 Spellcasting
 * Level 5.6 Ice Magic


You had one spell level left.
You knew the following spells:

 Your Spells              Type           Power        Failure   Level  Hunger
a - Freeze                Ice            ###.         3%          1    #......
b - Frozen Ramparts       Ice            ###...       9%          3    ###....
c - Ozocubu's Armour      Chrm/Ice       ##......     28%         3    ###....

Your spell library contained the following spells:

 Spells                   Type           Power        Failure   Level  Hunger
 Hailstorm                Conj/Ice       ##......     67%         4    #####..
 Summon Ice Beast         Ice/Summ       ##......     67%         4    #####..


Dungeon Overview and Level Annotations

Branches:
Dungeon (3/15)

Altars:


Message History

The orc priest is no longer encased in ice.
The walls release a blast of icicles at the orc priest!
The orc priest is encased in ice.
The orc priest hits you with a +0 hand axe.
You closely miss the orc priest.
The orc priest is heavily wounded.
The walls release a blast of icicles at the orc priest!
The orc priest invokes the aid of Beogh against you.
Beogh smites you!
You hit the orc priest but do no damage.
The orc priest is severely wounded.
The orc priest is no longer encased in ice.
The walls release a blast of icicles at the orc priest!
The orc priest calls down the wrath of Beogh upon you.
Beogh smites you!
* * * LOW HITPOINT WARNING * * *
The walls release a blast of icicles at the orc priest!
The orc priest is encased in ice.
The orc priest hits you with a +0 hand axe.
You die...

###
#...####
###
#.....<# ..
#...##)# .#
. ##
#@##.##....
#.o(....#
####.##.#
.# .o #.K
... ....
.....


You could see an orc priest.

Vanquished Creatures
  An orc wizard (D:2)
  2 worms (D:2)
  A dart slug (D:1)
  A leopard gecko (D:1)
  2 orcs (D:3)
  A giant cockroach (D:1)
  6 goblins
  4 hobgoblins (D:1)
  7 kobolds
  A ball python (D:1)
  3 bats
  4 rats
33 creatures vanquished.

Notes
Turn   | Place    | Note
-------+----------+-------------------------------------------
     0 | D:1      | Kohma the Merfolk Ice Elementalist began the quest for the
                  | Orb.
     0 | D:1      | Reached XP level 1. HP: 13/13 MP: 3/3
    85 | D:1      | Reached XP level 2. HP: 9/19 MP: 0/5
   607 | D:1      | Reached skill level 5 in Ice Magic
   907 | D:1      | Reached XP level 3. HP: 24/24 MP: 6/6
   912 | D:1      | Learned a level 3 spell: Frozen Ramparts
  2114 | D:2      | Reached XP level 4. HP: 14/30 MP: 0/8
  2126 | D:2      | Learned a level 3 spell: Ozocubu's Armour
  2308 | D:3      | HP: 1/30 [orc priest/divine providence (13)]
  2308 | D:3      | Slain by an orc priest

Levels and vault maps discovered:
D:1:      dpeg_arrival_renting, layout_basic
D:2:      layout_rooms
D:3:      layout_loops_cross, first_ration, uniq_robin

Skill      XL: |  1  2 |
---------------+-------+-----
Ice Magic      | 5 |  5.6
Dodging        | |  2.6
Stealth        | |  2.1
Spellcasting   | |  2.8

Action                   |  1- 3 |  4- 6 || total
-------------------------+-------+-------++-------
Melee: Club              |    10 |       ||    10
       Short sword       |    19 |     5 ||    24
Throw: Stone             |     6 |       ||     6
       Dart              |     4 |       ||     4
 Cast: Freeze            |    32 |     4 ||    36
       Frozen Ramparts   |     2 |     1 ||     3
 Stab: Sleeping          |     3 |       ||     3
  Eat: Chunk             |     3 |     2 ||     5
Armor: Robe              |     4 |       ||     4
       Leather armour    |     3 |     2 ||     5
Dodge: Dodged            |    36 |     3 ||    39

Table legend:
 A = Non-vault XP
 B = Vault XP
 C = Vault XP percentage of total XP
 D = Non-vault monster count
 E = Vault monster count
 F = Vault count percentage of total count
                 A         B        C        D         E       F
            +---------+---------+-------+---------+---------+-------
      Total |     102 |       0 |   0.0 |      33 |       0 |   0.0
            +---------+---------+-------+---------+---------+-------
        D:1 |      38 |       0 |   0.0 |      23 |       0 |   0.0
        D:2 |      56 |       0 |   0.0 |       7 |       0 |   0.0
        D:3 |       8 |       0 |   0.0 |       3 |       0 |   0.0
            +---------+---------+-------+---------+---------+-------
